 Dungeon Crawl Stone Soup version 0.30-a0-782-ge64f9170bb (webtiles) character file.

Game seed: 17470637949343110382

5185 theswoord the Severer (level 10, 0/132 HPs)
             Began as a Minotaur Berserker on Mar 9, 2023.
             Was an Elder of Trog.
             Slain by a wight
             ... wielding a +0 morningstar
              (8 damage)
             ... while paralysed by a hornet
             ... on level 8 of the Dungeon.
             The game lasted 00:12:37 (5633 turns).

theswoord the Severer (Minotaur Berserker)          Turns: 5633, Time: 00:12:38

Health: 0/132      AC: 17    Str: 26    XL:     10   Next: 34%
Magic:  9/9        EV:  2    Int:  4    God:    Trog [****..]
Gold:   419        SH:  0    Dex: 10    Spells: 9/9 levels left

rFire   . . .      SeeInvis .    n - +2 broad axe (heavy)
rCold   . . .      Faith    .    (no shield)
rNeg    + . .      Spirit   .    m - +2 plate armour {rN+}
rPois   .          Reflect  .    (helmet restricted)
rElec   .          Harm     .    (no cloak)
rCorr   .          Rampage  .    k - +0 pair of gloves
Will    ++...                    h - +0 pair of boots Stlth
                                 (no amulet)
HPRegen 1.42/turn                (no ring)
MPRegen 0.11/turn                (no ring)

@: paralysed, berserking, lethally poisoned (0 -> -3), strong-willed (expiring),
regenerating (expiring), slowed, studying Invocations
A: horns 2, retaliatory headbutt
a: Renounce Religion, Berserk, Trog's Hand, Brothers in Arms


You were on level 8 of the Dungeon.
You worshipped Trog.
Trog was greatly pleased with you.
You visited 1 branch of the dungeon, and saw 8 of its levels.

You collected 419 gold pieces.

Inventory:

Hand Weapons
 a - a +0 hand axe of flaming
 l - a +0 whip
 n - a +2 heavy broad axe (weapon)
 u - a +2 whip of electrocution
 v - a +3 hand axe of venom
 x - a +0 battleaxe
Armour
 b - a +0 animal skin
 c - a +0 chain mail
 h - a +0 pair of boots (worn)
 k - a +0 pair of gloves (worn)
 m - a +2 plate armour of positive energy (worn)
Jewellery
 j - a ring of flight
Wands
 A - a wand of mindburst (19)
Scrolls
 e - 7 scrolls of teleportation
 f - 2 scrolls of poison
 i - a scroll of enchant weapon
 t - a scroll of blinking
 w - 2 scrolls of identify
Potions
 d - a potion of invisibility
 g - 2 potions of ambrosia {unknown}
 o - a potion of haste
 p - 2 potions of heal wounds
 q - 3 potions of might
 r - 2 potions of curing
 s - 2 potions of lignification {unknown}
 z - 2 potions of attraction {unknown}


   Skills:
 + Level 7.8 Fighting
 * Level 15.5 Axes
 + Level 6.6 Armour
 - Level 3.9 Dodging


You had 9 spell levels left.
You didn't know any spells.
Your spell library was empty.

Dungeon Overview and Level Annotations

Branches:
Dungeon (8/15)             Temple (0/1) D:7
   Lair: D:8-11

Altars:
Elyvilon
Yredelemnul

Shops:
D:1 (   D:7 (


Innate Abilities, Weirdness & Mutations

You have a pair of horns on your head.
You reflexively headbutt those who attack you in melee.


Message History

* * * LOW HITPOINT WARNING * * *
The hornet stings you but does no damage.
The hornet completely misses you.
The water moccasin bites you but does no damage.
The hornet barely misses you.
The water moccasin bites you but does no damage.
The centaur moves out of view.
You carve the water moccasin like a ham!!!
You kill the water moccasin!
Trog accepts your kill.
You miss the hornet.
You feel yourself speed up.
You feel very sick.
The centaur wields a +0 shortbow.
The centaur shoots an arrow.
The arrow hits you but does no damage.
A six-headed hydra comes into view.
The hornet stings you.
* * * LOW HITPOINT WARNING * * *
You are more poisoned.
You feel yourself slow down.
You hear a shout!
You barely miss the hornet. You slash the wight!
You feel very sick. The hornet barely misses you. The hornet stings you!
* * * LOW HITPOINT WARNING * * *
You suddenly lose the ability to move!
The wight hits you with a +0 morningstar.
* * * LOW HITPOINT WARNING * * *
A wyvern comes into view.
You feel yourself speed up.
You feel very sick.
The hornet stings you but does no damage.
The wight barely misses you.
The hornet stings you but does no damage.
You feel very sick. The hornet stings you!
* * * LOW HITPOINT WARNING * * *
You feel yourself slow down.
The wight hits you with a +0 morningstar!
You die...

#<...≈#
#....~#
###..~# #..~#
##.~#####+#
#.~......#
#.~......#
#.~#'########
##~#.@zcF...#
#≈#.DynFc..#
#≈#..###...#
#≈#..# l.#
#≈#... '
#≈####


You could see a six-headed hydra, a hornet, a wyvern, a necrophage, 2 bullfrogs,
2 centaurs and a wight.

Vanquished Creatures
  A two-headed ogre (D:7)
  A boulder beetle (D:7)
  Pikel (D:6)
  Grinder (D:3)
  A hornet (D:8)
  A yak (D:6)
  A vampire mosquito (D:6)
  A steam dragon (D:7)
  2 water moccasins
  4 black bears
  2 orc warriors
  An ogre (D:4)
  A phantom (D:6)
  2 bullfrogs
  3 kobold brigands
  A necrophage (D:5)
  7 scorpions
  4 wights (D:7)
  A killer bee (D:6)
  A howler monkey (D:5)
  4 jellies
  3 orc priests
  2 hounds
  2 gnoll boudas
  3 iguanas
  4 orc wizards
  7 gnolls
  6 adders
  2 shadow imps
  A white imp (D:5)
  An ufetubus (D:6)
  20 orcs
  8 ball pythons
  10 endoplasms
  5 giant cockroaches
  13 goblins
  7 hobgoblins
  7 jackals
  15 kobolds
  5 quokkas
  5 bats
  A frilled lizard (D:1)
  6 rats
174 creatures vanquished.

Notes
Turn   | Place    | Note
-------+----------+-------------------------------------------
     0 | D:1      | theswoord the Minotaur Berserker began the quest for the
                  | Orb.
     0 | D:1      | Reached XP level 1. HP: 19/19 MP: 0/0
    23 | D:1      | Reached skill level 4 in Axes
    70 | D:1      | Reached XP level 2. HP: 26/26 MP: 1/1
   191 | D:1      | Reached skill level 5 in Axes
   194 | D:1      | Reached ** piety under Trog
   217 | D:1      | Reached XP level 3. HP: 29/31 MP: 2/2
   307 | D:1      | Found Wesotaut's Antique Weapon Emporium.
   818 | D:2      | Reached XP level 4. HP: 39/39 MP: 3/3
   825 | D:2      | Reached skill level 6 in Axes
  1366 | D:3      | Noticed Grinder
  1374 | D:3      | Killed Grinder
  1375 | D:3      | Reached skill level 8 in Axes
  1375 | D:3      | Reached XP level 5. HP: 45/45 MP: 4/4
  1375 | D:3      | Reached XP level 6. HP: 51/51 MP: 5/5
  1610 | D:3      | Found a faded altar of an unknown god.
  1769 | D:4      | Reached skill level 9 in Axes
  2186 | D:4      | Reached XP level 7. HP: 54/57 MP: 6/6
  2626 | D:5      | Entered Level 5 of the Dungeon
  2740 | D:5      | Found a white marble altar of Elyvilon.
  2750 | D:5      | Reached skill level 10 in Axes
  2916 | D:5      | Reached skill level 11 in Axes
  2978 | D:5      | Found a basalt altar of Yredelemnul.
  3037 | D:5      | Reached *** piety under Trog
  3171 | D:5      | Reached XP level 8. HP: 64/64 MP: 7/7
  3268 | D:5      | Reached skill level 12 in Axes
  3581 | D:6      | Reached skill level 13 in Axes
  4023 | D:6      | Noticed Pikel
  4042 | D:6      | Killed Pikel
  4043 | D:6      | Reached skill level 5 in Fighting
  4043 | D:6      | Reached skill level 14 in Axes
  4043 | D:6      | Reached XP level 9. HP: 74/74 MP: 8/8
  4388 | D:7      | Identified a scroll of acquirement
  4388 | D:7      | Acquired a +2 heavy broad axe
  4448 | D:7      | Found Pyurhany's Antique Weapon Boutique.
  4648 | D:7      | Noticed a two-headed ogre
  4650 | D:7      | Killed a two-headed ogre
  4651 | D:7      | Reached skill level 5 in Armour
  4675 | D:7      | Noticed a boulder beetle
  4683 | D:7      | Killed a boulder beetle
  4684 | D:7      | Reached skill level 15 in Axes
  4684 | D:7      | Reached XP level 10. HP: 69/86 MP: 9/9
  4734 | D:7      | Found a staircase to the Ecumenical Temple.
  5110 | D:7      | Reached **** piety under Trog
  5630 | D:8      | Noticed a six-headed hydra
  5631 | D:8      | Paralysed by a hornet for 3 turns
  5633 | D:8      | Slain by a wight

Skill      XL: |  1  2  3  4  5  6  7  8  9 10 |
---------------+-------------------------------+-----
Axes           | 4 5 8 9 11 14 15 | 15.5
Fighting       | 5 7 |  7.8
Armour         | 3 5 6 |  6.6
Dodging        | 3 |  3.9

Action                     |  1- 3 |  4- 6 |  7- 9 | 10-12 || total
---------------------------+-------+-------+-------+-------++-------
  Melee: Hand axe          |    80 |    87 |   185 |       ||   352
         Headbutt          |     6 |    15 |    30 |     6 ||    57
         Punch             |       |       |     2 |       ||     2
         Broad axe         |       |       |    22 |    45 ||    67
 Invoke: Berserk           |     1 |     2 |     5 |     1 ||     9
         Trog's Hand       |       |     1 |     2 |     1 ||     4
    Use: Scroll            |       |     6 |     9 |     1 ||    16
   Stab: Sleeping          |     1 |       |       |       ||     1
 Armour: Chain mail        |    45 |    33 |     7 |       ||    85
         Plate armour      |       |       |   111 |    34 ||   145
         Skin              |       |       |     6 |       ||     6
  Dodge: Dodged            |    40 |    29 |    82 |    31 ||   182

Levels and vault maps discovered:
D:1:      onia_arrival_handbag, layout_rooms, serial_shops, shop
D:2:      layout_basic, nicolae_half_adder
D:3:      layout_basic, dreamdust_ecumenical_altar_statues,
          kennysheep_nondescript, uniq_grinder
D:4:      layout_gridville, st_stairs_12, kennysheep_generic_room_14
D:5:      minmay_recursive_quarters, layout_basic, general_overflow_altar,
          elyvilon_altar_3
D:6:      layout_rooms, minmay_manual_monolith, uniq_pikel
D:7:      layout_basic, minmay_temple_entry_stoned_glass,
          nicolae_inconvenience_store, minmay_misc_feat_square,
          minmay_fractal_squares_gapless_5
D:8:      cheibrodos_ideogram_h, layout_rooms, tso_altar,
          nzn_wu_jian_contemplation, grunt_decor_arrowhead,
          lemuel_flamethrower_2, uniq_psyche
